AoeStats
← simon.castro260601

Black Forest

507135707Analyzed
2v2 RM · 14d ago on Sep 16, 2026· 55m 10s· 4 players
Game mode
Random Map
Map size
Medium (4 player)
Population
200
Speed
Normal
Resources
Standard
Victory
Conquest
Starting age
Dark Age
Ending age
Imperial Age
RankedLock teamsTeams togetherTeam positionsShared explorationLock speedFull tech treeHidden civsTurbo modeCheats
Victory
Defeat
🇸🇮 Celts · Slovenia
849
+14
🇧🇴 Byzantines · Bolivia
776
+17
🇲🇽 Goths · Mexico
802
-16
🇲🇽 Khmer · Mexico
799
-15
andresnunezrubio23
3:37 Loom
10:31 Feudal Age
13:41 Double-Bit Axe
17:08 Arson
19:48 Wheelbarrow
19:08 Horse Collar
23:49 Castle Age
21:53 Gold Mining
23:59 Stone Mining
26:38 Gold Shaft Mining
29:22 Heavy Plow
30:02 Stone Shaft Mining
30:04 Bow Saw
33:29 Hand Cart
36:47 Imperial Age
36:25 Town Watch
38:51 Crop Rotation
38:42 Caravan
38:45 Town Patrol
39:22 Scale Barding Armor
39:17 Padded Archer Armor
39:08 Fletching
39:08 Heavy Scorpion
40:44 Ballistics
41:24 Chemistry
39:53 Elite Skirmisher
41:23 Double Crossbow
41:25 Tusk Swords
42:10 Leather Archer Armor
43:37 Ring Archer Armor
46:27 Elite Ballista Elephant
47:32 Conscription
48:38 Elite Battle Elephant
simon.castro260601
6:21 Loom
12:37 Feudal Age
13:14 Double-Bit Axe
22:52 Castle Age
21:06 Horse Collar
22:18 Scale Mail Armor
22:29 Forging
24:41 Heavy Plow
25:15 Bow Saw
25:48 Gold Mining
27:53 Caravan
28:27 Stone Mining
29:09 Man-at-Arms
29:35 Pikeman
36:23 Chain Mail Armor
36:43 Iron Casting
38:08 Wheelbarrow
37:19 Town Watch
42:14 Imperial Age
40:02 Anarchy
40:44 Hand Cart
40:30 Town Patrol
43:01 Perfusion
42:21 Elite Huskarl
44:17 Blast Furnace
43:52 Crop Rotation
44:26 Two-Man Saw
43:57 Squires
43:18 Halberdier
bibi
0:30 Loom
15:27 Feudal Age
18:05 Double-Bit Axe
19:47 Gold Mining
19:53 Stone Mining
23:55 Castle Age
23:04 Scale Mail Armor
23:15 Forging
23:33 Horse Collar
23:37 Man-at-Arms
26:18 Stone Shaft Mining
26:10 Bow Saw
31:12 Chain Mail Armor
31:33 Iron Casting
31:40 Pikeman
31:42 Long Swordsman
32:09 Gambesons
32:10 Arson
33:32 Caravan
39:16 Imperial Age
37:25 Wheelbarrow
36:36 Town Watch
39:27 Town Patrol
39:22 Capped Ram
41:37 Hand Cart
41:54 Halberdier
41:59 Onager
43:03 Conscription
43:12 Heavy Scorpion
44:51 Elite Woad Raider
45:42 Furor Celtica
48:02 Siege Onager
49:46 Gold Shaft Mining
48:44 Sappers
49:50 Hoardings
49:10 Siege Ram
50:23 Stronghold
52:58 Chemistry
52:09 Fortified Wall
51:54 Murder Holes
52:21 Ballistics
51:51 Heated Shot
51:42 Treadmill Crane
52:13 Masonry
52:08 Siege Engineers
51:55 Guard Tower
OLOPACIO
10:10 Feudal Age
10:34 Horse Collar
10:44 Double-Bit Axe
15:22 Wheelbarrow
19:21 Castle Age
18:35 Stone Mining
22:24 Bow Saw
22:25 Caravan
23:39 Hand Cart
24:11 Heavy Plow
26:09 Forging
26:06 Scale Barding Armor
26:36 Gold Mining
28:55 Gold Shaft Mining
35:58 Imperial Age
33:49 Loom
37:10 Conscription
38:03 Logistica
39:12 Chemistry
38:32 Ballistics
37:55 Treadmill Crane
41:21 Two-Man Saw
40:53 Crop Rotation
41:39 Ballistics
41:18 Murder Holes
41:21 Elite Cataphract
43:00 Onager
47:21 Husbandry
48:04 Iron Casting
47:49 Chain Barding Armor
Connection lost

Rejoining the realm…

Still unreachable

The connection could not be restored.

Session expired

The server has moved on; the page needs a fresh start.